 Dungeon Crawl Stone Soup version 0.31.0-9-g3a7656b989 (webtiles) character file.

Game seed: 5080767598703173560

83 browni3141 the Ducker (level 4, -2/26 HPs)
             Began as a Deep Elf Gladiator on Jan 24, 2024.
             Killed from afar by an orc wizard (9 damage)
             ... with a magic dart
             ... on level 3 of the Dungeon.
             The game lasted 00:04:27 (2043 turns).

browni3141 the Ducker (Deep Elf Gladiator)          Turns: 2043, Time: 00:04:28

Health: -2/26      AC:  4    Str: 11    XL:     4   Next: 22%
Magic:  5/9        EV: 13    Int: 15    God:
Gold:   95         SH:  0    Dex: 16    Spells: 6/7 levels left

rFire   . . .        a - +0 quarterstaff
rCold   . . .        (shield currently unavailable)
rNeg    . . .        b - +0 leather armour
rPois   .            c - +0 helmet
rElec   .            (no cloak)
rCorr   .            (no gloves)
SInv    .            (no boots)
Will    .....        (no amulet)
Stlth   +            (no ring)
HPRegen 0.24/turn    (no ring)
MPRegen 0.11/turn

%: no passive effects
@: no status effects
A: no striking features
a: no special abilities


You were on level 3 of the Dungeon.
You visited 1 branch of the dungeon, and saw 3 of its levels.

You collected 95 gold pieces.

Inventory:

Hand Weapons
 a - a +0 quarterstaff (weapon)
Missiles
 J - 4 poisoned darts
 Y - a javelin
 Z - 3 throwing nets
Armour
 b - a +0 leather armour (worn)
 c - a +0 helmet (worn)
 S - a +2 chain mail of poison resistance
Jewellery
 O - a ring of poison resistance
 Q - a ring of protection from fire
Scrolls
 N - a scroll of torment {unknown}
 R - a scroll of enchant weapon {unknown}
 U - a scroll of poison {unknown}
 V - a scroll of teleportation {unknown}
 W - 2 scrolls of silence {unknown}
 X - a scroll of fear {unknown}
Potions
 L - a potion of lignification {unknown}
 M - a potion of might {unknown}
 P - 3 potions of curing {unknown}
 T - 2 potions of enlightenment {unknown}


   Skills:
 - Level 2.1 Fighting
 - Level 3.3 Staves
 - Level 2.0 Throwing
 - Level 4.1 Dodging
 * Level 2.4 Spellcasting
 * Level 2.4 Hexes


You had 6 spell levels left.
You knew the following spells:

 Your Spells              Type           Power      Damage    Failure   Level
S - Slow                  Hex            36%        N/A       11%         1

Your spell library contained the following spells:

 Spells                   Type           Power      Damage    Failure   Level
 Confusing Touch          Hex            9%         N/A       30%         3
 Sigil of Binding         Hex            9%         N/A       30%         3
 Hailstorm                Conj/Ice       1%         3d5       63%         3
 Summon Ice Beast         Ice/Summ       1%         N/A       63%         3
 Vampiric Draining        Necr           1%         2d6       63%         3
 Sculpt Simulacrum        Ice/Alch       0%         N/A       100%        6


Dungeon Overview and Level Annotations

Branches:
Dungeon (3/15)

Altars:

Shops:
D:2 =


Message History

The rat squeaks loudly.
There is a stone staircase leading up here.
A rat is nearby!
You hit the rat.
You kill the rat!
No target in view!
You see here a rat corpse.
Found a stone staircase leading down.
An orc comes into view. It is wielding a +0 dagger.
The orc shouts!
An orc is nearby!
An orc comes into view.
It is wielding a +0 club and wearing a +0 leather armour of positive energy.
There is a stone staircase leading down here.
An orc comes into view. It is wielding a +0 falchion.
A ball python comes into view.
The orc hits you but does no damage.
You barely miss the orc.
The orc shouts!
An orc wizard comes into view. It is wielding a +0 dagger.
The orc closely misses you.
The orc wizard shouts!
You hit the orc but do no damage. The orc hits you with a +0 dagger.
You hit the orc.
The orc is moderately wounded.
An orc comes into view.
It is wielding a +0 club and wearing a +0 ring mail of fire resistance.
The orc hits you but does no damage.
You hit the orc.
The orc is almost dead.
You miscast Slow.
You are very lightly contaminated with residual magic.
Nothing appears to happen.
The orc wizard resists with some effort.
The orc wizard casts a spell at you. You resist with some effort.
The orc wizard resists with some effort.
The orc wizard hits you with a +0 dagger.
The orc wizard resists with some effort.
The orc wizard closely misses you.
The orc wizard resists with some effort.
The orc wizard barely misses you.
The orc wizard resists with some effort.
The orc wizard misses you.
The orc wizard seems to slow down.
Your magical contamination has completely faded away.
You hit the orc but do no damage. You hit the orc.
The orc is severely wounded.
The orc barely misses you.
The orc wizard mumbles some strange words.
The orc wizard flickers and vanishes!
Deactivating autopickup; reactivate with Ctrl-A.
You barely miss the orc.
The orc is severely wounded.
The orc barely misses you. x2
You closely miss the orc.
The orc is severely wounded.
The orc hits you with a +0 club.
You closely miss the orc.
The orc is heavily wounded.
The orc closely misses you.
You barely miss the orc.
The orc is heavily wounded.
The orc hits you but does no damage.
You barely miss the orc.
The orc is heavily wounded.
The orc closely misses you.
You hit the orc.
You kill the orc!
Something hits you but does no damage.
Things that are here:
a +0 club; a +0 ring mail of fire resistance You miss something.
Something hits you. x2
You barely miss something. Something hits you.
You closely miss something.
You hear some strange, mumbled words.
You are confused.
You bump into the rock wall.
You hear some strange, mumbled words.
Something tries to affect you, but you resist.
You hit something. Something hits you.
You're too confused to move!
Something hits you.
* * * LOW HITPOINT WARNING * * *
You bump into the rock wall.
You hear some strange, mumbled words.
A magic dart appears from out of thin air!
The magic dart hits you.
* * * LOW HITPOINT WARNING * * *
You're too confused to move!
Something hits you.
* * * LOW HITPOINT WARNING * * *
You hit something. Something barely misses you.
You feel less confused.
You miss something. Something hits you.
* * * LOW HITPOINT WARNING * * *
You barely miss something. Something hits you.
* * * LOW HITPOINT WARNING * * *
You barely miss something. Something hits you but does no damage.
You hear some strange, mumbled words.
A magic dart appears from out of thin air!
The magic dart hits you!
You die...

## ##.. #.#.#
#..#...
#.#.######
.##..#..#
#........#
.......#
#...####.#
#..#..# #...#
.##..#..###...#
..............#
.#####.>...#..#
#@###.#....#
#{# #.#.####
#o# #.#..


Soo ..### ...##### ....# .....# #.....# #.....# You could see 3 orcs and a ball
python.

Vanquished Creatures
  2 adders (D:2)
  2 dart slugs (D:1)
  2 ribbon worms (D:2)
  An orc (D:3)
  3 ball pythons (D:1)
  2 bats
  6 endoplasms
  3 giant cockroaches
  6 goblins
  8 hobgoblins
  2 jackals (D:1)
  2 kobolds
  3 quokkas
  3 frilled lizards (D:1)
  5 rats
50 creatures vanquished.

Notes
Turn   | Place    | Note
-------+----------+-------------------------------------------
     0 | D:1      | browni3141 the Deep Elf Gladiator began the quest for the
                  | Orb.
     0 | D:1      | Reached XP level 1. HP: 12/12 MP: 3/3
   127 | D:1      | Reached XP level 2. HP: 7/17 MP: 4/4
   190 | D:1      | Reached skill level 4 in Dodging
   424 | D:1      | Learned a level 1 spell: Slow
   440 | D:1      | Reached XP level 3. HP: 21/21 MP: 5/5
  1324 | D:2      | Reached XP level 4. HP: 25/26 MP: 2/9
  1710 | D:2      | Found Avigosma's Jewellery Shop.
  2043 | D:3      | Killed from afar by an orc wizard

Illustrated notes

Levels and vault maps discovered:
D:1:      dpeg_arrival_tiny_a, layout_basic
D:2:      layout_loops_ring, serial_shops, nicolae_shop_back_alley_shop,
          minmay_pentomino_pile
D:3:      layout_basic, shapermc_ecumenical_altar_ellora

Skill      XL: |  1  2  3 |
---------------+----------+-----
Dodging        | 4 |  4.1
Fighting       | 2 |  2.1
Spellcasting   | 2 |  2.4
Hexes          | 2 |  2.4
Staves         | |  3.3
Throwing       | |  2.0

Action                     |  1- 3 |  4- 6 || total
---------------------------+-------+-------++-------
  Melee: Quarterstaff      |    99 |    51 ||   150
   Cast: Slow              |    16 |     7 ||    23
   Stab: Sleeping          |     1 |     1 ||     2
 Armour: Leather armour    |    44 |    35 ||    79
  Dodge: Dodged            |    55 |    24 ||    79
